 Dungeon Crawl Stone Soup version 0.30-a0-165-g1891117ce2 (webtiles) character file.

Game seed: 1798413169324925380

108 qw the Chopper (level 4, -2/28 HPs)
             Began as a Gargoyle Fighter on Sept 28, 2022.
             Slain by Robin
             ... wielding a +0 trident
              (3 damage)
             ... on level 2 of the Dungeon.
             The game lasted 00:00:48 (2075 turns).

qw the Chopper (Gargoyle Fighter)                   Turns: 2075, Time: 00:00:49

Health: -2/28      AC: 10    Str: 21    XL:     4   Next: 87%
Magic:  4/4        EV:  9    Int:  9    God:
Gold:   53         SH:  4    Dex:  9    Spells: 3/3 levels left

rFire   . . .      SeeInvis .    Y - +0 war axe
rCold   . . .      Faith    .    c - +0 buckler
rNeg    + . .      Spirit   .    b - +0 scale mail
rPois   inf        Reflect  .    (no helmet)
rElec   +          Harm     .    (no cloak)
rCorr   .          Rampage  .    (no gloves)
Will    .....                    (no boots)
Stlth   ..........               (no amulet)
HPRegen 0.09/turn                (no ring)
MPRegen 0.09/turn                (no ring)

@: no status effects
A: sickness immunity, AC +3, negative energy resistance 1, electricity
resistance, torment resistance 1, petrification resistance
a: no special abilities


You were on level 2 of the Dungeon.
You visited 1 branch of the dungeon, and saw 3 of its levels.

You collected 53 gold pieces.


Innate Abilities, Weirdness & Mutations

You are immune to sickness and miasma.
Your stone body is resilient. (AC +3)
You are immune to poison.
You resist negative energy. (rN+)
You are resistant to electric shocks. (rElec)
You are resistant to unholy torment.
You are immune to petrification.


   Skills:
 - Level 3.2 Fighting
 + Level 4.4 Axes
 - Level 3.2 Armour
 - Level 3.2 Shields


You had 3 spell levels left.
You didn't know any spells.
Your spell library was empty.

Inventory:

Hand Weapons
 e - a +0 whip
 Y - a +0 war axe (weapon)
Armour
 b - a +0 scale mail (worn)
 c - a +0 buckler (worn)
Scrolls
 a - a scroll of identify
Potions
 d - a potion of might
 f - a potion of lignification
 j - a potion of heal wounds {unknown}

Dungeon Overview and Level Annotations

Branches:
Dungeon (3/15)

Altars:

Annotations:
D:2 Robin


Message History

You closely miss the goblin.
The goblin no longer looks unusually strong.
Robin hits you from afar with a +0 trident.
The goblin closely misses you.
You slash the goblin!
You kill the goblin!
Robin barely misses you. x2
You block Robin's attack.
Enter note:
Enter note:
Enter note: You barely miss Robin.
Robin hits you with a +0 trident.
You barely miss Robin. Robin closely misses you.
You hit Robin.
Robin is moderately wounded.
Robin barely misses you.
You closely miss Robin.
Robin is moderately wounded.
Robin hits you with a +0 trident. Robin hits you but does no damage.
You hit Robin.
Robin is moderately wounded.
Robin hits you with a +0 trident.
You slash Robin!
Robin is almost dead.
Robin hits you but does no damage.
You closely miss Robin.
Robin is almost dead.
Robin hits you but does no damage. Robin hits you with a +0 trident.
You hit Robin.
Robin is almost dead.
Robin barely misses you.
You hit Robin but do no damage.
Robin is almost dead.
Robin hits you with a +0 trident.
You barely miss Robin.
Robin is almost dead.
Robin hits you with a +0 trident.
You die...

..#.........+..##...##._# #.....
..#.........###8..#....8######.#.
..#..............##.^.#.##.....#.
............#..8############.....
.##.####.#..#..### #####.###.#.#
.#######.#.....#.# #.....'.#....
.........#.##..#.####.....#.#.#.#
###########.#..#...>......#......
............#..g@.)####'###...#)#
###########......)).....# #.#....
............#......###### #.#....
########....#.........# #.#....
.................####.# #.#....
..########.##.#.....#.# #......
..# #.##.#.....#.# ####### ..#
#.####.....#.# ).# #.#..'...<.#.#


You could see Robin.

Vanquished Creatures
  Jessica (D:2)
  2 adders (D:2)
  5 ball pythons
  11 endoplasms
  2 giant cockroaches (D:2)
  10 goblins
  4 hobgoblins
  5 bats
  3 frilled lizards (D:1)
  7 kobolds
  9 rats (D:1)
59 creatures vanquished.

Notes
Turn   | Place    | Note
-------+----------+-------------------------------------------
     0 | D:1      | qw the Gargoyle Fighter began the quest for the Orb.
     0 | D:1      | Reached XP level 1. HP: 14/14 MP: 1/1
     0 | D:1      | 0 ||| qw: Version: 0.2-a-12-gaebbb33
     0 | D:1      | 0 ||| qw: Game counter: 837
     0 | D:1      | 0 ||| qw: Always use a shield: true
     0 | D:1      | 0 ||| qw: God list: Okawaru
     0 | D:1      | 0 ||| qw: Allow faded altars: false
     0 | D:1      | 0 ||| qw: Do Orc after D:15 true
     0 | D:1      | 0 ||| qw: Do second Lair branch before Depths: true
     0 | D:1      | 0 ||| qw: Lair rune preference: random
     0 | D:1      | 0 ||| qw: Plans: Normal, Zot:1-4, God:TSO, Crypt, Tomb,
                  | Pan, Slime:5, Hells, Abyss, Orb
     0 | D:1      | 0 ||| PLANNING D:1-11
    84 | D:1      | Reached skill level 2 in Axes
   122 | D:1      | 122 ||| Stepping ~*~*~tactically~*~*~ (stealth).
   123 | D:1      | 123 ||| Stepping ~*~*~tactically~*~*~ (stealth).
   130 | D:1      | Reached XP level 2. HP: 18/19 MP: 2/2
   317 | D:1      | Reached skill level 3 in Axes
   503 | D:1      | Reached XP level 3. HP: 23/23 MP: 3/3
   509 | D:1      | 509 ||| Stepping ~*~*~tactically~*~*~ (stealth).
  1003 | D:1      | 1003 ||| READING 2 scrolls labelled ECUZAA DYDAIG.
  1004 | D:1      | 1004 ||| READING scroll labelled FEGGOJ ZOL CIRPH.
  1005 | D:1      | 1005 ||| READING 3 scrolls labelled OPICLA CASA.
  1102 | D:2      | 1102 ||| DROPPING +0 club.
  1165 | D:2      | Found a faded altar of an unknown god.
  1226 | D:2      | 1226 ||| READING 2 scrolls of teleportation.
  1425 | D:2      | 1425 ||| READING 2 scrolls of identify.
  1425 | D:2      | 1425 ||| IDENTIFYING viscous red potion
  1426 | D:2      | 1426 ||| READING scroll of teleportation.
  1437 | D:2      | Reached XP level 4. HP: 28/28 MP: 4/4
  1439 | D:2      | Noticed Jessica
  1444 | D:2      | Killed Jessica
  1445 | D:2      | Reached skill level 4 in Axes
  2045 | D:2      | You fall into a shaft and drop 1 floor!
  2046 | D:3      | 2046 ||| READING 2 scrolls of identify.
  2046 | D:3      | 2046 ||| IDENTIFYING red potion
  2047 | D:3      | 2047 ||| DROPPING potion of brilliance.
  2051 | D:2      | Noticed Robin
  2072 | D:2      | HP: 4/28 [Robin/+0 trident (4)]
  2074 | D:2      | HP: 1/28 [Robin/+0 trident (4)]
  2075 | D:2      | Slain by Robin

Levels and vault maps discovered:
D:1:      dpeg_arrival_subterranean_lakeside_camping, layout_basic
D:2:      layout_basic, serial_co_window_serial, co_window_of_opportunity_a,
          co_window_paths_a, co_window_corner_a, co_window_corner_a,
          co_window_paths_a, co_window_of_opportunity_b, co_window_paths_c,
          co_window_paths_c, co_window_corner_b, co_window_unsneaky_path_c,
          glass_columns_c, glass_columns_a, glass_columns_b, glass_columns_a,
          glass_columns_a, shapermc_ecumenical_altar_petra, uniq_robin,
          uniq_jessica
D:3:      layout_rooms, serial_curves, eino_curves_02, eino_curves_01

Skill      XL: |  1  2  3  4 |
---------------+-------------+-----
Axes           | 2 3 4 |  4.4
Fighting       | |  3.2
Armour         | |  3.2
Shields        | |  3.2

Action                   |  1- 3 |  4- 6 || total
-------------------------+-------+-------++-------
Melee: War axe           |   116 |    36 ||   152
  Use: Scroll            |     6 |     1 ||     7
Armor: Scale mail        |    65 |    16 ||    81
Dodge: Dodged            |    43 |    17 ||    60
Block: Buckler           |    27 |     9 ||    36

Table legend:
 A = Non-vault XP
 B = Vault XP
 C = Vault XP percentage of total XP
 D = Non-vault monster count
 E = Vault monster count
 F = Vault count percentage of total count
                 A         B        C        D         E       F
            +---------+---------+-------+---------+---------+-------
      Total |      97 |      58 |  37.4 |      46 |      13 |  22.0
            +---------+---------+-------+---------+---------+-------
        D:1 |      50 |       9 |  15.3 |      33 |       6 |  15.4
        D:2 |      47 |      49 |  51.0 |      13 |       7 |  35.0
            +---------+---------+-------+---------+---------+-------
